 Dungeon Crawl Stone Soup version 0.32-a0-660-g97ce250973 (webtiles) character file.

Game seed: 16201051402602441270

1332275 NormalPerson7 the Slayer (level 27, 204/204 HPs)
             Began as a Tengu Conjurer on Mar 9, 2024.
             Was an Elder of Sif Muna.
             Escaped with the Orb
             ... and 3 runes!
             The game lasted 05:45:17 (115261 turns).

NormalPerson7 the Slayer (Tengu Conjurer)         Turns: 115261, Time: 05:45:18

Health: 204/204    AC: 21    Str:  6    XL:     27
Magic:  39/39      EV: 33    Int: 33    God:    Sif Muna [****..]
Gold:   3634       SH: 26    Dex: 23    Spells: 7/58 levels left

rFire   . . .        R - staff "Tormentor" {rF+ Int+4 Fire Air, !a}
rCold   . . .        D - +5 kite shield {AC+3}
rNeg    . . .        z - +3 robe "Teonyc" {Will++ Regen+ rCorr}
rPois   +            v - +2 hat
rElec   +            I - +2 cloak {rPois}
rCorr   +            M - +2 pair of gloves {rC+}
SInv    +            (boots unavailable)
Will    +++++        U - amulet of Saongin {Reflect rC+ SH+5}
Stlth   +            C - ring "Qeimm" {Wiz Will+ SInv}
HPRegen 2.14/turn    u - ring of Sypugg {Fire rElec Dex+3}
MPRegen 0.26/turn

%: reflection, acrobat, wizardry (x1)
@: flying, studying Unarmed Combat
A: beak, talons 3, evasive flight, acrobatic, iridescent scales 2, agile 1, low
MP 1, regeneration 1, robust 1, teleportitis 1, cold vulnerability 1, heat
vulnerability 2, inability to drink after injury 1
0: Orb of Zot
}: 3/15 runes: serpentine, barnacled, slimy
a: Renounce Religion, Channel Magic, Forget Spell, Divine Exegesis


You escaped.
You worshipped Sif Muna.
Sif Muna was greatly pleased with you.
You visited 11 branches of the dungeon, and saw 52 of its levels.
You also visited: Sewer, Bailey, Gauntlet and Ice Cave.

You collected 9134 gold pieces.
You spent 5500 gold pieces at shops.

Inventory:

Hand Weapons
 X - the +2 war axe "NormalPerson7's Doom" {spect, Int+3 Stlth+}
   (You bought it in a shop on level 8 of the Dungeon)

   Int+3:     It affects your intelligence (+3).
   Stlth+:    It makes you more stealthy.
Missiles
 a - 7 curare-tipped darts
 b - 26 javelins
 J - 9 throwing nets (quivered) {!f}
Armour
 v - a +2 hat (worn)
 z - the +3 robe "Teonyc" (worn) {Will++ Regen+ rCorr}
   (You took it off Boris on level 2 of the Depths)

   Will++:    It greatly increases your willpower.
   Regen+:    It increases your rate of health regeneration.
   rCorr:     It protects you from acid and corrosion.
 D - a +5 kite shield of protection (worn)
 I - a +2 cloak of poison resistance (worn)
 M - a +2 pair of gloves of cold resistance (worn)
Magical Staves
 R - the staff "Tormentor" (weapon) {rF+ Int+4 Fire Air, !a}
   (You found it on level 4 of the Shoals)

   [staff of fire]

   Base accuracy: +5 Base damage: 5 Base attack delay: 1.2 This weapon's minimum
   attack delay (0.6) is reached at skill level 12.
   Int+4:     It affects your intelligence (+4).
   rF+:       It protects you from fire.
   Fire:      It increases the power of your Fire spells.
   Air:       It increases the power of your Air spells.
   It falls into the 'Staves' category.
   It is a one-handed weapon.
Jewellery
 u - the ring of Sypugg (right hand) {Fire rElec Dex+3}
   (You found it on level 3 of the Shoals)

   [ring of fire]

   Fire:      It enhances your fire magic.
   Dex+3:     It affects your dexterity (+3).
   rF+:       It protects you from fire.
   rC-:       It makes you vulnerable to cold.
   rElec:     It insulates you from electricity.
 A - a +4 ring of protection
 C - the ring "Qeimm" (left hand) {Wiz Will+ SInv}
   (You found it on level 5 of the Pits of Slime)

   [ring of wizardry]

   Wiz:       It improves your spell success rate.
   Will+:     It increases your willpower.
   SInv:      It lets you see invisible.
 F - a ring of protection from fire
 U - the amulet of Saongin (around neck) {Reflect rC+ SH+5}
   (You found it on level 14 of the Dungeon)

   [amulet of reflection]

   Reflect:   It reflects blocked missile attacks.
   rC+:       It protects you from cold.
   SH+5:      It affects your SH (+5).
 W - a ring of positive energy
Wands
 o - a wand of mindburst (58)
 r - a wand of quicksilver (10)
 E - a wand of charming (48)
 G - a wand of roots (28)
 N - a wand of polymorph (28)
 V - a wand of digging (23)
Scrolls
 i - 11 scrolls of immolation
 j - 12 scrolls of vulnerability
 q - 6 scrolls of poison
 s - 6 scrolls of fog
 t - 13 scrolls of teleportation
 x - 3 scrolls of blinking
 O - 3 scrolls of silence
 P - 6 scrolls of torment
 Q - 5 scrolls of revelation
 S - 4 scrolls of fear
 Z - 2 scrolls of butterflies {!r}
Potions
 c - 26 potions of curing
 d - 13 potions of brilliance
 e - 7 potions of lignification
 f - 7 potions of haste
 h - 6 potions of heal wounds
 k - 10 potions of enlightenment
 l - 3 potions of cancellation
 m - 4 potions of invisibility
 p - 3 potions of berserk rage
 H - 10 potions of might
 L - 7 potions of magic
 T - 4 potions of ambrosia
 Y - 5 potions of resistance
Miscellaneous
 g - a phial of floods
 w - a lightning rod (4/4)
 y - a condenser vane
 B - a phantom mirror
 K - a sack of spiders


   Skills:
 + Level 22.8 Fighting
 - Level 6.0 Armour
 - Level 21.0 Dodging
 - Level 4.0 Stealth
 - Level 18.0 Shields
 - Level 16.0 Spellcasting
 - Level 17.0 Conjurations
 - Level 5.0 Translocations
 - Level 21.0 Fire Magic
 - Level 13.0 Air Magic
 - Level 5.0 Alchemy
 - Level 12.0 Invocations
 - Level 9.0 Evocations


You had 7 spell levels left.
You knew the following spells:

 Your Spells              Type           Power      Damage    Failure   Level
a - Magic Dart            Conj           100%       1d8       0%          1
b - Iskenderun's Mystic   Conj/Tloc      78%        2d16      1%          4
c - Starburst             Conj/Fire      74%        6d19      1%          6
i - Irradiate             Conj/Alch      39%        3d24      1%          5
j - Arcjolt               Conj/Air       56%        1d66      1%          5
k - Airstrike             Air            53%        2d(8-24)  1%          4
s - Fireball              Conj/Fire      74%        3d28      1%          5
x - Plasma Beam           Fire/Air       84%        2x1d102   1%          6
z - Orb of Destruction    Conj           47%        9d12      1%          7
C - Ignition              Fire           76%        3d20      1%          8

Your spell library contained the following spells:

 Spells                   Type           Power      Damage    Failure   Level
 Foxfire                  Conj/Fire      100%       2x1d9     0%          1
 Shock                    Conj/Air       100%       1d9       0%          1
 Scorch                   Fire           100%       2d9       0%          2
 Searing Ray              Conj           100%       2d8       0%          2
 Static Discharge         Conj/Air       100%       3-8/arc   0%          2
 Flame Wave               Conj/Fire      100%       2d21      0%          4
 Apportation              Tloc           100%       N/A       1%          1
 Kiss of Death            Conj/Necr      100%       2d13      1%          1
 Necrotise                Necr           100%       1d9       1%          1
 Sandblast                Erth           52%        2d12      1%          1
 Slow                     Hex            100%       N/A       1%          1
 Sting                    Conj/Alch      100%       1d9       1%          1
 Summon Small Mammal      Summ           100%       N/A       1%          1
 Call Imp                 Summ           52%        N/A       1%          2
 Cigotuvi's Dreadful Rot  Necr/Alch/Air  100%       N/A       1%          2
 Jinxbite                 Hex            52%        N/A       1%          2
 Lesser Beckoning         Tloc           100%       N/A       1%          2
 Mercury Vapours          Alch/Air       100%       N/A       1%          2
 Momentum Strike          Conj/Tloc      100%       3d10      1%          2
 Sublimation of Blood     Necr           26%        N/A       1%          2
 Dazzling Flash           Conj/Hex       100%       N/A       1%          3
 Gell's Gravitas          Tloc           56%        N/A       1%          3
 Hailstorm                Conj/Ice       70%        3d12      1%          3
 Inner Flame              Hex/Fire       100%       N/A       1%          3
 Mephitic Cloud           Conj/Alch/Air  100%       N/A       1%          3
 Stone Arrow              Conj/Erth      100%       3d13      1%          3
 Swiftness                Air            100%       N/A       1%          3
 Teleport Other           Tloc           56%        N/A       1%          3
 Volatile Blastmotes      Fire/Tloc      100%       2d18      1%          3
 Brom's Barrelling Bould  Conj/Erth      70%        2d8       1%          4
 Fulminant Prism          Conj/Alch      39%        3d18      1%          4
 Ignite Poison            Fire/Alch      100%       N/A       1%          4
 Olgreb's Toxic Radiance  Alch           56%        N/A       1%          4
 Passage of Golubria      Tloc           56%        N/A       1%          4
 Sticky Flame             Fire/Alch      100%       2d15      1%          4
 Summon Blazeheart Golem  Fire/Summ      100%       N/A       1%          4
 Summon Lightning Spire   Summ/Air       81%        N/A       1%          4
 Vhi's Electric Charge    Tloc/Air       100%       N/A       1%          4
 Freezing Cloud           Conj/Ice/Air   47%        6-21      1%          5
 Iskenderun's Battlesphe  Conj           95%        2d14      1%          5
 Conjure Ball Lightning   Conj/Air       56%        3x3d20    1%          6
 Silence                  Hex/Air        40%        N/A       2%          5
 Call Canine Familiar     Summ           26%        N/A       4%          3
 Confusing Touch          Hex            26%        N/A       4%          3
 Frozen Ramparts          Ice            52%        1d8       4%          3
 Ozocubu's Armour         Ice            26%        N/A       4%          3
 Passwall                 Erth           26%        N/A       4%          3
 Sigil of Binding         Hex            26%        N/A       4%          3
 Summon Ice Beast         Ice/Summ       26%        N/A       4%          3
 Vampiric Draining        Necr           26%        2d7       4%          3
 Leda's Liquefaction      Alch/Erth      21%        N/A       4%          4
 Petrify                  Alch/Erth      42%        N/A       4%          4
 Alistair's Intoxication  Alch           37%        N/A       4%          5
 Bombard                  Conj/Erth      35%        9d6       6%          6
 Anguish                  Hex/Necr       13%        N/A       13%         4
 Animate Armour           Summ/Erth      52%        N/A       13%         4
 Cause Fear               Hex            13%        N/A       13%         4
 Dispel Undead            Necr           26%        3d13      13%         4
 Summon Forest            Summ/Tloc      21%        N/A       13%         5
 Yara's Violent Unravell  Hex/Alch       21%        3d10      13%         5
 Dispersal                Tloc           28%        N/A       26%         6
 Eringya's Noxious Bog    Alch           28%        4d6       26%         6
 Borgnjor's Vile Clutch   Necr/Erth      13%        N/A       32%         5
 Lee's Rapid Deconstruct  Erth           13%        3d9*      32%         5
 Metabolic Englaciation   Hex/Ice        13%        N/A       32%         5
 Summon Mana Viper        Hex/Summ       26%        N/A       32%         5
 Spellforged Servitor     Conj/Summ      35%        N/A       32%         7
 Sculpt Simulacrum        Ice/Alch       21%        N/A       54%         6
 Summon Cactus Giant      Summ           13%        N/A       86%         6
 Malign Gateway           Summ/Tloc      21%        N/A       98%         7
 Enfeeble                 Hex            13%        N/A       100%        7
 Haunt                    Necr/Summ      13%        N/A       100%        7
 Ozocubu's Refrigeration  Ice            13%        4d10      100%        7
 Summon Hydra             Summ           13%        N/A       100%        7
 Maxwell's Capacitive Co  Air            53%        ∞         38%         8
 Fire Storm               Conj/Fire      74%        8d19      45%         9
 Lehudib's Crystal Spear  Conj/Erth      35%        10d9      92%         8
 Chain Lightning          Conj/Air       56%        3d74      93%         9
 Polar Vortex             Ice            13%        12d1*     100%        9


Dungeon Overview and Level Annotations

Branches:
Dungeon (15/15)            Temple (1/1) D:7            Lair (5/5) D:8
 Shoals (4/4) Lair:2        Snake (4/4) Lair:2        Slime (5/5) Lair:4
    Orc (2/2) D:10            Elf (3/3) Orc:2        Vaults (4/5) D:14
  Crypt (0/3) Vaults:3     Depths (4/4) D:15            Zot (5/5) Depths:4
  Sewer (visited)          Bailey (visited)           IceCv (visited)
Gauntlet (visited)

Altars:
Ashenzari
Cheibriados
Dithmenos
Elyvilon
Fedhas
Gozag
Hepliaklqana
Kikubaaqudgha
Makhleb
Nemelex Xobeh
Okawaru
Qazlal
Ru
Sif Muna
Trog
Uskayaw
Vehumet
Wu Jian
Xom
Yredelemnul
Zin
The Shining One
Beogh
Lugonu

Shops:
D:3 ?   D:5 !   D:8 (=(*!   D:9 !   Orc:2 *:([   Snake:1 !   Snake:2 :=?*:=
Snake:4 :   Vaults:3 (?   Depths:1 !*(*   Depths:3 *

Portals:
Hell: Depths:1 Depths:2 Depths:3 Depths:4
Abyss: Depths:2 Depths:3
Pandemonium: Depths:2
Ziggurat: Depths:3

Annotations:
Elf:2 5 runed translucent doors, exclusion: 5 doors
Elf:3 1 exclusion
Zot:4 1 runed translucent door, Hakotaro's ghost, master OpCj


Innate Abilities, Weirdness & Mutations

You have a beak for a mouth.
You have claws for feet.
Your magical flight helps you evade attacks. (EV +4)
You can magically evade attacks while moving or waiting.
You are mostly covered in iridescent scales. (AC +4)
You are agile. (Dex +4, Str/Int -1)
Your magical capacity is low. (-10% MP)
Your natural rate of healing is unusually fast.
You are robust. (+10% HP)
You are occasionally teleported next to monsters.
You are vulnerable to cold. (rC-)
You are very vulnerable to heat. (rF--)
You occasionally lose the ability to drink potions when taking damage.


Message History

You feel a huge surge of power!
The bolt of lightning hits the ynoxinul!!
The ynoxinul resists.
You kill the ynoxinul!
Sif Muna accepts your kill.
(D) Dungeon (T) Temple (L) Lair (A) Shoals (P) Snake Pit (M) Slime Pits (O) Orcish Mines (E) Elven Halls (V) Vaults (C) Crypt (U) Depths (H) Hell (Z) Zot
Where to? (Tab/Enter - D:1 @ (x,y), ? - help)
A reaper comes into view.
It is wielding a +0 scythe of protection.
There is a stone staircase leading up here.
You fly upwards.
There is a stone staircase leading down here.
(D) Dungeon (T) Temple (L) Lair (A) Shoals (P) Snake Pit (M) Slime Pits (O) Orcish Mines (E) Elven Halls (V) Vaults (C) Crypt (U) Depths (H) Hell (Z) Zot
Where to? (Tab/Enter - D:1 @ (x,y), ? - help)
You see here a +0 club.
There is a stone staircase leading up here.
You fly upwards.
There is a stone staircase leading down here.
There is a stone staircase leading up here.
You fly upwards.
There is a stone staircase leading down here.
There is an open door here.
There is a stone staircase leading up here.
You fly upwards.
Magic restored.
There is a stone staircase leading down here.
There is a stone staircase leading up here.
You fly upwards.
There is a stone staircase leading down here.
There is an open door here.
A sixfirhy comes into view.
The sixfirhy completely misses you.
Some rock shatters into small pieces.
A cacodemon comes into view.
There is a staircase leading out of the dungeon here.
You block the sixfirhy's attack.
You have escaped!

###...####.##.#...###...# # ###
##..#.#.....#....##.#.####
..########.....#'#......##.#.....
.÷'.........####.####..>...######
..########.##..#.#..###.###......
...........#.#.#.#.#.##.###......
##.....#####..#...#..#...........
#÷....#######.....##.#....#####'
##.....#..'.....@3..2.'....# #...
.'.....#.#####......###....# #.##
##.....#.###..#...#..##....# #.##
#........##.#.#.#.#.##....# #.##
###''....###..#.#..###..#.# #.# #
###....# ####.######..#.###.# ##
#....# #+#.......#.....# ~#
#....# #...#.##.#####..## ~#
#....# ##..#.##.#####....


You could see a cacodemon and a sixfirhy.

Vanquished Creatures
  the Royal Jelly (Slime:5)
  10 orbs of fire
  A dread lich (Zot:5)
  2 ancient liches
  Mara (Snake:3)
  Josephina (Zot:3)
  Sojobo (Depths:2)
  Boris (thrice) (Depths:1 Depths:2 Depths:3)
  4 Killer Klowns
  Saint Roka (Snake:4)
  Bai Suzhen (Vaults:3)
  The ghost of Baicef the Spry, a veteran MfIE of the Shining One (Depths:4)
  Parghit (Zot:3)
  Margery (Depths:2)
  3 curse toes (Zot:3)
  10 golden dragons
  A bone dragon (Depths:4)
  A Tzitzimitl (Zot:2)
  3 electric golems
  A hellephant (Depths:2)
  Mlioglotl (Shoals:2)
  Zenata (Elf:1)
  An Ice Fiend (Zot:4)
  A lich (Depths:1)
  26 Orb Guardians
  Asterion (Snake:4)
  The ghost of lis82 the Gelid, an adept DgIE (Vaults:2)
  14 tentacled monstrosities
  A deep elf blademaster (Elf:3)
  15 acid blobs
  8 quicksilver dragons
  A sphinx (Depths:2)
  2 deep elf master archers (Elf:3)
  An Executioner (Zot:1)
  8 death cobs
  Polyphemus (Shoals:3)
  Agnes (Snake:4)
  Donald (Elf:1)
  5 tengu reavers
  9 storm dragons
  Kirke (D:15)
  Aizul (Snake:2)
  15 rockslimes
  Roxanne (Elf:3)
  9 azure jellies
  6 shadow dragons
  7 draconian knights
  5 nagarajas
  7 fire giants
  4 draconian monks
  6 protean progenitors
  3 draconian shifters
  3 frost giants (Depths:3)
  9 deep elf sorcerers
  4 draconian scorchers
  2 iron dragons (Zot:3)
  3 orc warlords
  5 ghost moths
  6 draconian stormcallers
  Louise (D:15)
  6 draconian annihilators
  15 vault wardens
  7 quicksilver oozes
  A formless jellyfish (Vaults:4)
  15 ironbound preservers
  6 deep elf elementalists
  25 very ugly things
  12 stone giants
  2 vampire knights
  11 ironbound thunderhulks
  5 deep elf death magi
  12 green draconians
  9 red draconians
  11 purple draconians
  4 deep elf annihilators
  6 deep elf demonologists
  15 white draconians
  9 black draconians
  3 war gargoyles (Vaults:4)
  11 spark wasps
  A minotaur (Gauntlet)
  5 dire elephants (Vaults:4)
  3 yellow draconians
  A crystal guardian (Vaults:4)
  A jiangshi (Depths:1)
  8 merfolk javelineers
  10 ettins
  14 yaktaur captains
  7 fire dragons
  13 merfolk impalers
  3 entropy weavers
  16 vault guards
  10 great orbs of eyes
  6 deep elf high priests (Elf:3)
  10 hydras
  4 spriggan air magi
  5 salamander tyrants
  9 ice dragons
  3 peacekeepers
  2 rakshasas
  An ogre mage (Orc:2)
  A catoblepas (Shoals:3)
  7 ironbound frosthearts
  Erica (D:10)
  9 centaur warriors
  13 anacondas
  3 death knights
  10 boulder beetles
  2 satyrs (Shoals:3)
  6 merfolk avatars
  An alligator snapping turtle (Shoals:4)
  8 merfolk aquamancers
  9 two-headed ogres
  A vampire mage (Depths:2)
  The ghost of hitsuchi the Cleaver, a novice MDCA of Ignis (D:8)
  17 dancing weapons
  6 tengu warriors
  18 naga warriors
  2 orc high priests
  7 shock serpents
  2 death yaks (Shoals:3)
  4 deep troll earth magi
  Urug (Orc:2)
  3 deep troll shamans (Depths:3)
  7 deep elf knights
  6 spriggans
  7 spriggan berserkers
  5 occultists
  8 hell knights (Depths:2)
  11 salamander mystics
  3 skysharks
  A shadow wraith (Vaults:3)
  2 goliath frogs (Zot:3)
  4 iron trolls
  12 naga sharpshooters
  A quicksilver dragon simulacrum (Zot:3)
  13 sea snakes
  4 glowing orange brains
  A skeletal warrior (D:14)
  3 large abominations (Zot:1)
  10 mana vipers
  An orange crystal statue (D:9)
  38 deep trolls
  A glowing orange brain (shapeshifter) (Vaults:4)
  5 naga ritualists
  4 arcanists
  2 flayed ghosts
  A steelbarb worm (shapeshifter) (Depths:3)
  6 deep elf archers
  An orb spider (shapeshifter) (Vaults:4)
  6 lindwurms
  8 thermic dynamos
  23 ironbound convokers
  30 harpies
  24 deep elf zephyrmancers
  21 orc knights
  A phantasmal warrior (Vaults:2)
  54 ugly things
  2 necromancers
  5 shining eyes
  19 deep elf pyromancers
  26 salamanders
  An oklob plant (Lair:2)
  8 fauns
  24 moths of wrath
  27 manticores
  8 orc sorcerers
  15 cyclopes
  4 wolf spiders
  4 elephants (Lair:1)
  2 kobold blastminers (Orc:1)
  A stone giant skeleton (Vaults:3)
  12 merfolk sirens
  6 guardian serpents
  9 meliai
  16 naga magi
  12 vault sentinels
  An ice statue (Zot:4)
  5 water nymphs
  3 molten gargoyles (Lair:5)
  An eye of devastation (Slime:5)
  35 black mambas
  2 gargoyles (D:11)
  A torpor snail (Lair:5)
  10 cane toads
  A hellion (D:6)
  A rime drake (Lair:1)
  An unseen horror (shapeshifter) (Elf:2)
  A kobold demonologist (D:8)
  2 storm dragon simulacra (Zot:3)
  4 unseen horrors
  2 tormentors
  19 komodo dragons
  37 yaktaurs
  An ice devil (Depths:4)
  A freezing wraith (D:14)
  3 tengu conjurers
  10 trolls
  A troll (shapeshifter) (Elf:3)
  A tengu simulacrum (Vaults:3)
  A queen bee (Gauntlet)
  3 tyrant leeches
  A polar bear (Lair:5)
  32 merfolk
  6 wind drakes
  3 glass eyes
  7 snapping turtles
  Prince Ribbit (D:6)
  7 hornets
  A blink frog (Lair:2)
  14 dream sheep
  2 raiju (shapeshifter)
  87 slime creatures
  An air elemental (Elf:3)
  2 vampires
  37 water elementals
  A centaur simulacrum (D:11)
  A shadow (D:11)
  3 wraiths
  A culicivora (shapeshifter) (D:8)
  2 fire elementals (Elf:1)
  A ynoxinul (D:6)
  10 wyverns
  4 wargs
  3 fire bats (Depths:1)
  7 basilisks
  A fire bat (shapeshifter) (Elf:3)
  2 neqoxecs (D:8)
  21 yaks
  A basilisk (shapeshifter) (D:8)
  A human (shapeshifter) (D:10)
  A redback (Vaults:2)
  15 golden eyes
  An elf simulacrum (Vaults:2)
  3 steam dragons
  18 vampire mosquitoes
  A yellow draconian simulacrum (Zot:3)
  The ghost of Fastnbulbous the Shooter, an amateur DsHs (D:3)
  48 nagas
  3 acid dragons
  12 water moccasins
  3 hell hounds (Lair:5)
  2 swamp worms (shapeshifter)
  A human skeleton (Vaults:3)
  A great orb of eyes simulacrum (IceCv)
  26 orc warriors
  A meliai simulacrum (D:14)
  2 sky beasts (D:7)
  2 ice beasts
  A black bear (D:7)
  3 laughing skulls
  10 ogres
  19 wolves
  A boggart (Vaults:4)
  17 centaurs
  A phantom (D:5)
  2 slime creature simulacra (IceCv)
  8 kobold brigands
  A brain worm (shapeshifter) (D:8)
  3 earth elementals
  7 gnoll sergeants
  9 bullfrogs
  A scorpion (D:4)
  7 wights
  12 killer bees
  2 howler monkeys
  2 electric eels
  3 bombardier beetles
  4 jellies
  8 lava snakes
  3 bullfrog zombies (D:3)
  13 orc priests
  7 gnoll boudas
  4 hounds
  2 iguanas (D:5)
  A bullfrog skeleton (D:3)
  2 sleepcaps
  21 orc wizards
  3 hell rats (Lair:3)
  15 adders
  18 gnolls
  5 river rats (Lair:3)
  A shadow imp (D:7)
  A white imp (D:7)
  An ufetubus (Vaults:2)
  5 ribbon worms
  A dart slug (D:2)
  60 orcs
  A bat (D:3)
  10 endoplasms
  4 giant cockroaches
  2 goblins
  6 hobgoblins
  7 jackals
  33 kobolds
  2 quokkas
  8 ball pythons
  4 frilled lizards
  7 rats
  2 aspiring fleshes
  A butterfly (D:13)
  3 fulminant prisms
2141 creatures vanquished.

Vanquished Creatures (collateral kills)
  Joseph (D:9)
  A black mamba (Lair:3)
  3 dream sheep (Lair:3)
  An orc (Orc:1)
6 creatures vanquished.

Vanquished Creatures (others)
  A frost giant (Vaults:2)
  A two-headed ogre (Zot:3)
  A black mamba (Snake:3)
  3 humans (D:15)
  473 fulminant prisms
479 creatures vanquished.

Grand Total: 2626 creatures vanquished

Notes
Turn   | Place    | Note
-------+----------+-------------------------------------------
     0 | D:1      | NormalPerson7 the Tengu Conjurer began the quest for the
                  | Orb.
     0 | D:1      | Reached XP level 1. HP: 10/10 MP: 4/4
   324 | D:1      | Reached skill level 1 in Fighting
   543 | D:1      | Reached XP level 2. HP: 16/16 MP: 4/6
   565 | D:1      | Learned a level 2 spell: Searing Ray
   780 | D:1      | Reached skill level 2 in Fighting
  1070 | D:1      | Reached skill level 1 in Alchemy
  1135 | D:1      | Reached XP level 3. HP: 21/21 MP: 4/7
  3170 | D:3      | Found a runed translucent gate.
  3170 | D:3      | Found a runed translucent gate.
  3171 | D:3      | Found a runed translucent gate.
  3175 | D:3      | Noticed Fastnbulbous's ghost (amateur DsHs)
  3246 | D:3      | Reached XP level 4. HP: 26/26 MP: 2/8
  3302 | D:3      | Learned a level 4 spell: Fulminant Prism
  3535 | D:3      | Found Dunyifof's Magic Scroll Boutique.
  3545 | D:3      | Bought a scroll of butterflies for 44 gold pieces
  3545 | D:3      | Bought a scroll of identify for 22 gold pieces
  3546 | D:3      | Bought a scroll of identify for 22 gold pieces
  3546 | D:3      | Bought a scroll of identify for 22 gold pieces
  4030 | D:3      | Found a basalt altar of Yredelemnul.
  4035 | D:3      | Reached XP level 5. HP: 30/30 MP: 7/9
  5041 | D:4      | Found a hazy altar of Hepliaklqana.
  5212 | D:4      | Found an ornate altar of the Wu Jian Council.
  5319 | D:4      | Reached XP level 6. HP: 35/35 MP: 6/10
  5349 | D:4      | Found a glowing silver altar of Zin.
  5541 | D:5      | Entered Level 5 of the Dungeon
  5572 | D:5      | Found Ackisea's Distillery.
  5580 | D:5      | Bought a potion of heal wounds for 55 gold pieces
  5580 | D:5      | Bought a potion of curing for 33 gold pieces
  6174 | D:5      | Found a radiant altar of Vehumet.
  6449 | D:5      | Gained mutation: Your magical flight helps you evade
                  | attacks. (EV +4) [Tengu growth]
  6449 | D:5      | Reached XP level 7. HP: 40/40 MP: 5/11
  7399 | D:6      | Reached skill level 10 in Conjurations
  7573 | D:6      | Noticed Prince Ribbit
  7584 | D:6      | Killed Prince Ribbit
  7585 | D:6      | Reached XP level 8. HP: 44/44 MP: 4/13
  7730 | D:6      | Reached skill level 1 in Translocations
  7893 | D:6      | Found a glowing drain.
  7906 | Sewer    | Entered a sewer
  8353 | D:7      | Found a staircase to the Ecumenical Temple.
  8363 | Temple   | Entered the Ecumenical Temple
  8372 | Temple   | Became a worshipper of Sif Muna the Loreminder
  8409 | D:7      | Learned a level 4 spell: Iskenderun's Mystic Blast
  8419 | D:7      | Found a flagged portal.
  8427 | D:7      | Identified the +0 halberd of Nesannir {heavy, rElec Int+2}
  8466 | Bailey   | Entered a bailey
  8648 | Bailey   | Reached XP level 9. HP: 28/48 MP: 3/14
  8861 | Bailey   | Reached skill level 5 in Dodging
  9238 | Bailey   | Reached skill level 1 in Evocations
  9520 | Bailey   | Reached * piety under Sif Muna
  9985 | D:7      | Found a stormy altar of Qazlal.
 10014 | D:7      | Reached skill level 3 in Fighting
 10039 | D:7      | Reached skill level 4 in Fighting
 10171 | D:7      | Found a broken altar of Ashenzari.
 10409 | D:7      | Reached ** piety under Sif Muna
 10689 | D:7      | Identified the beast talisman "Uzuggith" {rElec Str+4 Int-3
                  | Stlth-}
 10708 | D:7      | Reached skill level 1 in Invocations
 10887 | D:8      | Reached XP level 10. HP: 56/56 MP: 15/15
 10940 | D:8      | Found a runed translucent gate.
 10940 | D:8      | Found a runed translucent gate.
 10940 | D:8      | Found a runed translucent gate.
 10944 | D:8      | Noticed a brown ugly thing
 10945 | D:8      | Noticed a cyan ugly thing
 10946 | D:8      | Noticed a glowing orange brain
 10947 | D:8      | Noticed a brown ugly thing
 10956 | D:8      | You are sucked into a shaft and drop 3 floors!
 10963 | D:11     | Noticed a brown ugly thing
 10973 | D:10     | Entered Level 10 of the Dungeon
 11353 | D:8      | Found a sacrificial altar of Ru.
 11486 | D:8      | Found a staircase to the Lair.
 11965 | D:8      | Found Dourph's Antique Weapon Shoppe.
 12026 | D:8      | Found Ozxiag's Assorted Antiques.
 12030 | D:8      | Found a sparkling altar of Nemelex Xobeh.
 12030 | D:8      | Found Zaegah's Distillery.
 12031 | D:8      | Found Viedak's Jewellery Shoppe.
 12032 | D:8      | Found Raqutt's Antique Weapon Shoppe.
 12583 | D:8      | Bought a fizzy blue potion for 21 gold pieces
 12607 | D:8      | Bought a potion of haste for 100 gold pieces
 12625 | D:8      | Found an ancient bone altar of Kikubaaqudgha.
 12627 | D:8      | Found an opulent altar of Gozag.
 12627 | D:8      | Found a blossoming altar of Fedhas.
 12827 | D:8      | Noticed a kobold demonologist
 12831 | D:8      | Killed a kobold demonologist
 12832 | D:8      | Reached skill level 5 in Invocations
 13124 | D:9      | Reached skill level 5 in Evocations
 13304 | D:9      | Noticed Joseph
 13318 | D:9      | Killed Joseph
 13503 | D:9      | Found a burning altar of Makhleb.
 13503 | D:9      | Noticed a blizzard demon
 13604 | D:9      | Found Rophops's Distillery.
 13948 | D:9      | Reached *** piety under Sif Muna
 14006 | D:9      | Noticed an orange crystal statue
 14347 | D:3      | Bought 3 scrolls of identify for 66 gold pieces
 14350 | D:3      | Bought a scroll of fog for 44 gold pieces
 14350 | D:3      | Bought a scroll of identify for 22 gold pieces
 14530 | D:10     | Noticed a two-headed ogre
 14543 | D:10     | Killed a two-headed ogre
 14544 | D:10     | Reached XP level 11. HP: 61/61 MP: 16/16
 14587 | D:10     | Noticed Erica
 14593 | D:10     | Killed Erica
 14635 | D:10     | Found a staircase to the Orcish Mines.
 14683 | D:10     | Identified the +0 plate armour of Amorality {rPois rCorr
                  | Str-4 Int+3}
 14764 | D:10     | Reached skill level 5 in Alchemy
 14835 | D:10     | Reached skill level 5 in Translocations
 14948 | D:10     | Learned a level 2 spell: Static Discharge
 15031 | D:10     | Noticed a tengu warrior
 15031 | D:10     | Noticed a manticore
 15214 | D:10     | Killed a manticore
 15215 | D:10     | Reached skill level 5 in Fighting
 15377 | D:10     | Identified the ring of Qasugiff {Ice Dex+2}
 15377 | D:10     | Noticed a yaktaur captain
 15537 | Lair:1   | Entered Level 1 of the Lair of Beasts
 15767 | Lair:1   | Reached skill level 6 in Fighting
 15809 | Lair:1   | Noticed a skyshark
 15818 | Lair:1   | Killed a skyshark
 15819 | Lair:1   | Reached skill level 7 in Fighting
 16056 | Lair:1   | Reached skill level 5 in Air Magic
 16340 | Lair:1   | Reached XP level 12. HP: 72/72 MP: 14/17
 16733 | Lair:2   | Identified the +4 quarterstaff "Caish" {antimagic, rPois
                  | rF+}
 16861 | Lair:2   | Found a staircase to the Shoals.
 16880 | Lair:2   | Identified the +1 dagger of Cummoam {freeze, Str+3}
 16895 | Lair:2   | Found a staircase to the Snake Pit.
 16902 | Lair:2   | Reached skill level 5 in Spellcasting
 16909 | Lair:2   | Learned a level 4 spell: Airstrike
 16983 | Lair:2   | Reached **** piety under Sif Muna
 17147 | Lair:2   | Reached skill level 10 in Air Magic
 18165 | D:8      | Bought a dazzling war axe for 170 gold pieces
 18165 | D:8      | Identified the +2 war axe "NormalPerson7's Doom" {spect,
                  | Int+3 Stlth+} (You bought it in a shop on level 8 of the
                  | Dungeon)
 18293 | Lair:3   | Reached skill level 1 in Shields
 19225 | Lair:3   | Reached XP level 13. HP: 76/76 MP: 21/21
 19653 | Lair:4   | Reached ***** piety under Sif Muna
 19929 | Lair:4   | Found a staircase to the Slime Pits.
 20432 | Lair:5   | Entered Level 5 of the Lair of Beasts
 20647 | Lair:5   | Found a gate leading to a gauntlet.
 20656 | Gauntlet | Entered a Gauntlet
 20656 | Gauntlet | Found a transporter.
 20664 | Gauntlet | Found a transporter.
 20666 | Gauntlet | Found a transporter.
 20679 | Gauntlet | Found a transporter.
 20680 | Gauntlet | Found a transporter.
 20687 | Gauntlet | Found a transporter.
 20687 | Gauntlet | Noticed a great orb of eyes
 20708 | Gauntlet | Found a transporter.
 20719 | Gauntlet | Found a transporter.
 20728 | Gauntlet | Noticed a quicksilver ooze
 20731 | Gauntlet | Found a transporter.
 20751 | Gauntlet | Found a transporter.
 20766 | Gauntlet | Found a transporter.
 20766 | Gauntlet | Found a transporter.
 20814 | Gauntlet | Found a transporter.
 20828 | Gauntlet | Found a transporter.
 21083 | Gauntlet | Reached skill level 8 in Fighting
 21385 | Gauntlet | Identified the +9 storm dragon scales of the Untouchables
                  | {Fly rElec rC+ Will+ Dex+3}
 21385 | Gauntlet | Noticed a minotaur
 21393 | Gauntlet | Killed a minotaur
 21498 | Lair:5   | Reached skill level 9 in Fighting
 22130 | Lair:5   | Reached skill level 10 in Invocations
 22581 | Lair:5   | Noticed a fire dragon
 22664 | Lair:5   | Found the +8 Wrath of Trog {antimagic, *Rage Rampage}
 22665 | Lair:5   | Found a large runed translucent door.
 22666 | Lair:5   | Found a large runed translucent door.
 22711 | Lair:5   | Killed a fire dragon
 22729 | Lair:5   | Identified the +12 orcbow of Untimely Demise {freeze, rElec
                  | Dex+2 SInv}
 23002 | Orc:1    | Entered Level 1 of the Orcish Mines
 23007 | Orc:1    | Reached skill level 1 in Fire Magic
 23029 | Orc:1    | Noticed an ettin
 23046 | Orc:1    | Killed an ettin
 23047 | Orc:1    | Reached XP level 14. HP: 80/86 MP: 14/24
 23193 | Orc:1    | Found a frozen archway.
 23210 | IceCv    | Entered an ice cave
 23228 | IceCv    | Reached skill level 5 in Fire Magic
 23863 | Orc:2    | Entered Level 2 of the Orcish Mines
 23937 | Orc:2    | Found a staircase to the Elven Halls.
 23944 | Orc:2    | Received a gift from Sif Muna
 23947 | Orc:2    | Got Sif Muna's Secrets of Fulmination {god gift}
 25012 | D:8      | Bought a potion of curing for 30 gold pieces
 25012 | D:8      | Bought a potion of invisibility for 80 gold pieces
 25012 | D:8      | Bought a potion of heal wounds for 50 gold pieces
 25012 | D:8      | Bought a potion of heal wounds for 50 gold pieces
 25012 | D:8      | Bought a potion of curing for 30 gold pieces
 25088 | D:5      | Bought a potion of cancellation for 88 gold pieces
 25088 | D:5      | Bought 2 potions of curing for 66 gold pieces
 25160 | D:8      | Bought a crystal morningstar for 297 gold pieces
 25160 | D:8      | Identified the +5 morningstar of the Crafting Gods {drain,
                  | ^Contam rElec rF+ rN++} (You bought it in a shop on level 8
                  | of the Dungeon)
 25346 | D:3      | Killed Fastnbulbous's ghost
 25783 | D:8      | Found a runed translucent gate.
 25783 | D:8      | Found a runed translucent gate.
 25787 | D:8      | Found a runed translucent gate.
 25791 | D:8      | Noticed hitsuchi's ghost (novice MDCA)
 26125 | D:10     | Learned a level 6 spell: Starburst
 26338 | D:10     | Found a white marble altar of Elyvilon.
 27367 | D:11     | Reached skill level 10 in Fire Magic
 29754 | Orc:2    | Noticed an orc warlord
 29789 | Orc:2    | Killed an orc warlord
 29880 | Orc:2    | Reached XP level 15. HP: 90/90 MP: 25/25
 30062 | D:9      | Learned a level 6 spell: Plasma Beam
 30241 | Orc:2    | Found a roughly hewn altar of Beogh.
 30285 | Orc:2    | Noticed Urug
 30417 | Orc:2    | Killed Urug
 30483 | Orc:2    | Found Okiarr's Antique Armour Shoppe.
 30627 | Orc:2    | Found Beim's Antique Weapon Shoppe.
 30668 | Orc:2    | Found Cuss's Book Shoppe.
 30684 | Orc:2    | Found Givvuciw's General Store.
 30693 | Orc:2    | Bought a scroll of blinking for 112 gold pieces
 30970 | Orc:2    | Bought a potion of heal wounds for 75 gold pieces
 32760 | D:11     | Found a hide-covered altar of Uskayaw.
 32921 | D:12     | Received a gift from Sif Muna
 34345 | D:13     | Found a white marble altar of Elyvilon.
 35395 | D:13     | Learned a level 5 spell: Fireball
 35541 | D:14     | Received a gift from Sif Muna
 35549 | D:14     | Reached skill level 10 in Spellcasting
 35726 | D:14     | Reached XP level 16. HP: 96/96 MP: 23/31
 36042 | D:14     | Identified the amulet of Saongin {Reflect rC+ SH+5}
 36321 | D:13     | Learned a level 5 spell: Arcjolt
 36927 | D:14     | Found a gate to the Vaults.
 37433 | D:15     | Entered Level 15 of the Dungeon
 37577 | D:15     | Noticed Kirke
 37579 | D:15     | Killed Kirke
 37920 | D:15     | Noticed Louise
 37923 | D:15     | Killed Louise
 38512 | D:15     | Found a staircase to the Depths.
 39238 | D:5      | Bought 2 potions of enlightenment for 110 gold pieces
 39238 | D:5      | Bought a potion of curing for 33 gold pieces
 39405 | Snake:1  | Entered Level 1 of the Snake Pit
 39461 | Snake:1  | Found Mack's Distillery.
 39472 | Snake:1  | Received a gift from Sif Muna
 39615 | Snake:1  | Reached skill level 10 in Fighting
 40323 | Snake:1  | Identified a scroll of acquirement
 40324 | Snake:1  | Acquired the staff of Dotolliu {rF+ Int+4 Fire}
 40329 | Snake:1  | Reached skill level 11 in Fighting
 40657 | Snake:1  | Got Sif Muna's Lessons on Anemomancy {god gift}
 41707 | Snake:2  | Reached skill level 12 in Fighting
 41764 | Snake:2  | Reached XP level 17. HP: 106/106 MP: 10/34
 42225 | Snake:2  | Reached skill level 10 in Dodging
 42551 | Snake:2  | Found Uhofian's Jewellery Shoppe.
 42726 | Snake:2  | Found a transporter.
 42726 | Snake:2  | Found Vibi's Book Shoppe.
 43036 | Snake:2  | Identified the serpent talisman of Beutame {Str+4 Stlth+}
 43036 | Snake:2  | Noticed Aizul
 43055 | Snake:2  | Killed Aizul
 43580 | Snake:2  | Found Jirix's General Store.
 43586 | Snake:2  | Bought a potion of enlightenment for 85 gold pieces
 43591 | Snake:2  | Found a transporter.
 43921 | Snake:2  | Found Geuseif's Book Emporium.
 44091 | Snake:2  | Found Muigri's Jewellery Boutique.
 44095 | Snake:2  | Found Erytoq's Magic Scroll Shop.
 44106 | Snake:2  | Bought a scroll of brand weapon for 199 gold pieces
 44123 | Snake:2  | Identified the +4 chain mail of Seor {rF+ rC+}
 44608 | Snake:3  | Reached skill level 5 in Shields
 45207 | Snake:3  | Noticed Mara
 45607 | Snake:3  | Noticed NormalPerson7's illusion
 46424 | Snake:3  | Noticed NormalPerson7's illusion
 46427 | Snake:3  | Killed Mara
 46818 | Snake:4  | Entered Level 4 of the Snake Pit
 46864 | Snake:4  | Noticed Agnes
 46867 | Snake:4  | Killed Agnes
 46868 | Snake:4  | Found Athucrit's Vocational Training.
 47270 | Snake:4  | Received a gift from Sif Muna
 48059 | Snake:4  | Reached skill level 10 in Shields
 48344 | Snake:4  | Reached XP level 18. HP: 112/112 MP: 16/35
 50110 | Snake:4  | Noticed Saint Roka
 50298 | Snake:4  | Killed Saint Roka
 50654 | Snake:4  | Reached skill level 15 in Conjurations
 50680 | Snake:4  | Noticed Asterion
 50683 | Snake:4  | Killed Asterion
 51766 | Snake:4  | Got a serpentine rune of Zot
 52032 | Snake:4  | Found Athucrit's Vocational Training.
 52533 | Shoals:1 | Entered Level 1 of the Shoals
 52643 | Lair:2   | Received a gift from Sif Muna
 53858 | Shoals:1 | Reached skill level 15 in Fire Magic
 54812 | Shoals:2 | Noticed Mlioglotl
 54817 | Shoals:2 | Killed Mlioglotl
 56349 | Shoals:3 | Reached XP level 19. HP: 116/116 MP: 24/36
 56357 | Shoals:3 | Noticed Polyphemus
 56783 | Shoals:3 | Killed Polyphemus
 57528 | Shoals:2 | Learned a level 7 spell: Orb of Destruction
 58249 | Shoals:3 | Found a runed translucent door.
 58765 | Shoals:3 | Identified the ring of Sypugg {Fire rElec Dex+3}
 58806 | Shoals:3 | Acquired 865 gold pieces
 59211 | Orc:2    | Bought a lightning rod (4/4) for 600 gold pieces
 59343 | D:8      | Bought a scroll of teleportation for 72 gold pieces
 59343 | D:8      | Bought a phantom mirror for 960 gold pieces
 59495 | Shoals:4 | Entered Level 4 of the Shoals
 59926 | Shoals:4 | Received a gift from Sif Muna
 59930 | Shoals:4 | Got Sif Muna's Omnibus of Momentum {god gift}
 61631 | Shoals:4 | Identified the staff "Tormentor" {rF+ Int+4 Fire Air}
 61662 | Shoals:4 | Got a barnacled rune of Zot
 62046 | Snake:2  | Bought a ring of willpower for 350 gold pieces
 62451 | Elf:1    | Entered Level 1 of the Elven Halls
 62877 | Elf:1    | Noticed Zenata
 62880 | Elf:1    | Killed Zenata
 63231 | Elf:1    | Noticed Donald
 63234 | Elf:1    | Killed Donald
 63541 | Elf:1    | Reached XP level 20. HP: 122/122 MP: 30/39
 64062 | Elf:1    | Received a gift from Sif Muna
 64064 | Elf:1    | Got Sif Muna's Papyrus of Impulse and the Blaze {god gift}
 64141 | Elf:1    | Found a roughly hewn altar of Beogh.
 64187 | Elf:1    | Found a corrupted altar of Lugonu.
 64256 | Elf:1    | Identified the +0 pair of gloves of Pride {rN+++ Will-
                  | rCorr Dex-3}
 65711 | Elf:2    | Found a huge runed translucent gate.
 65711 | Elf:2    | Found a huge runed translucent gate.
 65712 | Elf:2    | Found a huge runed translucent gate.
 65713 | Elf:2    | Found a huge runed translucent gate.
 65715 | Elf:2    | Found a huge runed translucent gate.
 66008 | Elf:3    | Entered Level 3 of the Elven Halls
 66251 | Elf:3    | Identified the +4 ring mail "Nusmos" {rCorr}
 66516 | Elf:3    | Noticed Roxanne
 67868 | Elf:3    | Identified the +0 ring mail "Huhotted" {rCorr Str-4 Int+6}
 67913 | Elf:3    | Identified the +0 robe of Xom's Regard {+Inv Str+4 Dex-3
                  | Archmagi}
 68428 | Elf:3    | Killed Roxanne
 68928 | Elf:3    | Identified the +2 robe "Opticsuug" {Fly}
 69159 | Elf:3    | Identified the amulet "Miobytul" {Faith +Blink rC- rCorr
                  | Slay+2}
 69218 | Elf:3    | Received a gift from Sif Muna
 69221 | Elf:3    | Got Kutogyun's Catalogue of the Lithic Nimbus {god gift}
 69342 | Elf:3    | Identified the +3 trident "Spiderslayer" {drain, rElec
                  | rPois MP+9 Int-2}
 70220 | D:11     | Learned a level 8 spell: Ignition
 70314 | Vaults:1 | Entered Level 1 of the Vaults
 70318 | Vaults:1 | Reached XP level 21. HP: 127/127 MP: 15/40
 72010 | Vaults:1 | Found a glowing golden altar of the Shining One.
 72041 | Vaults:1 | Identified the +1 helmet "Hunulori" {rF++}
 73058 | Vaults:2 | Reached skill level 13 in Fighting
 73296 | Vaults:2 | Received a gift from Sif Muna
 73297 | Vaults:2 | Got Sif Muna's Folio of Solid Force {god gift}
 73619 | Vaults:2 | Found a transporter.
 73620 | Vaults:2 | Noticed lis82's ghost (adept DgIE)
 73623 | Vaults:2 | Identified the +0 great mace of Accidental Termination
                  | {elec, Will+ Str+2}
 73714 | Vaults:2 | Found a transporter.
 74295 | Vaults:2 | Reached skill level 14 in Fighting
 75520 | Vaults:3 | Reached skill level 15 in Fighting
 75964 | Vaults:3 | Reached XP level 22. HP: 140/140 MP: 26/41
 76578 | Vaults:3 | Received a gift from Sif Muna
 76579 | Vaults:3 | Got Sif Muna's Elucidation of the Brume {god gift}
 76641 | Vaults:3 | Reached skill level 16 in Fighting
 76804 | Vaults:3 | Found Jiwkan's Weapon Shop.
 76905 | Vaults:3 | Found Jemaficau's Magic Scroll Shop.
 76908 | Vaults:3 | Bought a scroll of fear for 56 gold pieces
 76908 | Vaults:3 | Bought a scroll of revelation for 105 gold pieces
 76908 | Vaults:3 | Bought a scroll of fog for 56 gold pieces
 76908 | Vaults:3 | Bought a scroll of fog for 56 gold pieces
 77441 | Vaults:3 | Found a staircase to the Crypt.
 77467 | Vaults:3 | Noticed Bai Suzhen
 77488 | Vaults:3 | Killed Bai Suzhen
 78277 | Vaults:4 | Identified the +3 hand axe of Animal Spirits {venom, rN+
                  | Str+2 Int+2}
 78512 | Vaults:4 | Identified the +4 long sword "Stringbean" {freeze, rPois}
 79492 | Vaults:4 | Reached skill level 15 in Dodging
 80332 | Vaults:4 | Received a gift from Sif Muna
 80333 | Vaults:4 | Got Miunyt's Volume of Maledictive Lava {god gift}
 81323 | Depths:1 | Entered Level 1 of the Depths
 81471 | Depths:1 | Identified the +4 robe "Xitopr Befa" {Regen+ Dex+3}
 81471 | Depths:1 | Noticed Boris
 81477 | Depths:1 | Killed Boris
 81843 | Depths:1 | Reached skill level 1 in Armour
 82014 | Depths:1 | Found Big Baal Hell's Store.
 82033 | Depths:1 | Reached XP level 23. HP: 123/147 MP: 7/42
 82094 | Depths:1 | Found a gateway to Hell.
 82098 | Depths:1 | Bought a +1 pair of gloves of cold resistance for 1089 gold
                  | pieces
 82673 | Depths:1 | Found Emuo's Weapon Boutique.
 82675 | Depths:1 | Found Motuybb's Assorted Antiques.
 82677 | Depths:1 | Found Tisam's Distillery.
 82867 | Depths:1 | Bought a potion of heal wounds for 230 gold pieces
 83284 | Depths:2 | Reached skill level 5 in Armour
 84203 | Depths:1 | Received a gift from Sif Muna
 84436 | Depths:2 | Noticed Sojobo
 84527 | Depths:2 | Killed Sojobo
 85274 | Depths:2 | Found a one-way gate leading to the halls of Pandemonium.
 85451 | Depths:2 | Found a shimmering blue altar of Sif Muna.
 85463 | Depths:2 | Noticed Margery
 85470 | Depths:2 | Killed Margery
 85835 | Depths:2 | Identified the +3 robe "Teonyc" {Will++ Regen+ rCorr}
 85835 | Depths:2 | Noticed Boris
 85850 | Depths:2 | Killed Boris
 87688 | Depths:2 | Found a glowing silver altar of Zin.
 87847 | Depths:2 | Found a one-way gate to the infinite horrors of the Abyss.
 88521 | Depths:3 | Found a one-way gateway to a ziggurat.
 88529 | Depths:3 | Found Ymicism's Assorted Antiques.
 88866 | Depths:3 | Received a gift from Sif Muna
 88882 | Depths:2 | Reached skill level 17 in Fighting
 89193 | Depths:3 | Identified the +3 robe of Compression {rC+++ rN+ Int+2
                  | Dex+3}
 89193 | Depths:3 | Noticed Boris
 90391 | Depths:3 | Reached skill level 18 in Fighting
 90391 | Depths:3 | Reached XP level 24. HP: 149/151 MP: 25/42
 90863 | Depths:3 | Killed Boris
 91578 | Depths:4 | Entered Level 4 of the Depths
 91864 | Depths:4 | Noticed Baicef's ghost (veteran MfIE)
 91867 | Depths:4 | Found a runed translucent door.
 92111 | Depths:4 | Reached skill level 19 in Fighting
 92373 | Depths:4 | Received a gift from Sif Muna
 92693 | Depths:4 | Found an iron altar of Okawaru.
 93538 | Depths:4 | Found a gate to the Realm of Zot.
 93985 | Depths:4 | Killed Baicef's ghost
 95046 | D:8      | Killed hitsuchi's ghost
 95300 | Slime:1  | Entered Level 1 of the Pits of Slime
 95510 | Lair:4   | Learned a level 5 spell: Irradiate
 96908 | Slime:5  | Entered Level 5 of the Pits of Slime
 97371 | Slime:5  | Reached skill level 15 in Shields
 97557 | Slime:5  | Noticed the Royal Jelly
 98052 | Slime:5  | Killed the Royal Jelly
 98188 | Slime:5  | Got Vucaippe's Dissertation on Production
 98229 | Slime:5  | Identified the +10 dagger of Bigu {freeze, rElec rC- rCorr}
 98323 | Slime:5  | Identified the amulet of Vomof {Acrobat Will+ Int+3}
 98326 | Slime:5  | Identified the +2 robe of Isefun {rN+ Will+ Regen+ Str-5}
 98334 | Slime:5  | Identified the +9 trident of Xesizel {vamp, rC+ Dex+3}
 98352 | Slime:5  | Identified the +6 mace of Impermanence {venom, ^Drain rPois
                  | rF+++ rC+}
 98392 | Slime:5  | Found the +10 Black Knight's barding {ponderous, rPois rN+}
 98399 | Slime:5  | Identified the ring "Qeimm" {Wiz Will+ SInv}
 98402 | Slime:5  | Identified the ring "Ihun" {Will- rCorr Dex+5}
 98453 | Slime:5  | Gained mutation: You occasionally lose the ability to read
                  | scrolls when taking damage. [a shining eye]
 98588 | Slime:5  | Got a slimy rune of Zot
 98845 | Slime:5  | Lost mutation: You occasionally lose the ability to read
                  | scrolls when taking damage. [potion of mutation]
 98845 | Slime:5  | Gained mutation: You occasionally lose the ability to drink
                  | potions when taking damage. [potion of mutation]
 98845 | Slime:5  | Gained mutation: You are frail. (-10% HP) [potion of
                  | mutation]
 98845 | Slime:5  | Gained mutation: Your flesh is cold resistant. (rC+)
                  | [potion of mutation]
 98845 | Slime:5  | Gained mutation: You have an increased reservoir of magic.
                  | (+10% MP) [potion of mutation]
 98846 | Slime:5  | Lost mutation: You occasionally lose the ability to drink
                  | potions when taking damage. [potion of mutation]
 98846 | Slime:5  | Lost mutation: Your flesh is cold resistant. (rC+) [potion
                  | of mutation]
 98846 | Slime:5  | Gained mutation: You are partially covered in iridescent
                  | scales. (AC +2) [potion of mutation]
 98846 | Slime:5  | Gained mutation: Your movements are slightly less
                  | encumbered by armour. (ER -2) [potion of mutation]
 98847 | Slime:5  | Lost mutation: You have an increased reservoir of magic.
                  | (+10% MP) [potion of mutation]
 98847 | Slime:5  | Lost mutation: You are frail. (-10% HP) [potion of
                  | mutation]
 98847 | Slime:5  | Lost mutation: Your movements are slightly less encumbered
                  | by armour. (ER -2) [potion of mutation]
 98847 | Slime:5  | Gained mutation: You are robust. (+10% HP) [potion of
                  | mutation]
 98847 | Slime:5  | Gained mutation: You are dopey. (Int -2) [potion of
                  | mutation]
 98847 | Slime:5  | Gained mutation: You are mostly covered in iridescent
                  | scales. (AC +4) [potion of mutation]
 99934 | Vaults:2 | Killed lis82's ghost
 99935 | Vaults:2 | Reached XP level 25. HP: 144/182 MP: 9/42
100301 | Zot:1    | Entered Level 1 of the Realm of Zot
101360 | Zot:1    | Reached skill level 20 in Fighting
102002 | Zot:2    | Found a sacrificial altar of Ru.
103290 | Zot:2    | Noticed a Killer Klown
103292 | Zot:2    | Killed a Killer Klown
104001 | Zot:3    | Identified the ring "Liokoih" {Ice +Blink Dex+4 Stlth-}
104001 | Zot:3    | Noticed Josephina
104334 | Zot:3    | Reached skill level 21 in Fighting
104576 | Zot:3    | Noticed Parghit
104969 | Zot:3    | Noticed an orb of fire
104979 | Zot:3    | Killed an orb of fire
105302 | Zot:3    | Killed Josephina
106595 | Zot:3    | Noticed an orb of fire
106748 | Zot:3    | Noticed an ancient lich
106754 | Zot:3    | Killed an ancient lich
106859 | Zot:3    | Killed Parghit
107687 | Zot:3    | Identified the +1 robe of Tutol {Rampage rN+ rCorr Int+4}
107883 | Zot:3    | Identified the +2 scale mail "Loam" {Fly Regen+ SInv}
108104 | Zot:4    | Noticed Hakotaro's ghost (master OpCj)
108309 | Zot:4    | Reached XP level 26. HP: 167/194 MP: 11/42
109868 | Zot:4    | Found a runed translucent door.
110870 | Zot:5    | Entered Level 5 of the Realm of Zot
111633 | Zot:5    | Identified the +7 hand axe "Cuwikeoha" {drain, rElec}
112098 | Zot:5    | Noticed an orb of fire
112104 | Zot:5    | Gained mutation: Your natural rate of healing is unusually
                  | fast. [an orb of fire]
112107 | Zot:5    | Gained mutation: You have hidden genetic defects. [an orb
                  | of fire]
112110 | Zot:5    | Killed an orb of fire
112267 | Zot:5    | Noticed an orb of fire
112267 | Zot:5    | Noticed an orb of fire
112268 | Zot:5    | Noticed an orb of fire
112269 | Zot:5    | Noticed a Killer Klown
112275 | Zot:5    | Noticed an orb of fire
112278 | Zot:5    | Reached skill level 15 in Spellcasting
112278 | Zot:5    | Gained mutation: You sometimes lose your temper in combat.
                  | [an orb of fire]
112279 | Zot:5    | Killed an orb of fire
112279 | Zot:5    | Killed an orb of fire
112374 | Zot:5    | Gained mutation: Your magical capacity is low. (-10% MP)
                  | [an orb of fire]
112375 | Zot:5    | Noticed a Killer Klown
112383 | Zot:5    | Killed an orb of fire
112391 | Zot:5    | Killed a Killer Klown
112397 | Zot:5    | Gained mutation: You are occasionally teleported next to
                  | monsters. [hidden defects]
112398 | Zot:5    | Lost mutation: You are robust. (+10% HP) [potion of
                  | mutation]
112398 | Zot:5    | Lost mutation: You have hidden genetic defects. [potion of
                  | mutation]
112398 | Zot:5    | Lost mutation: You sometimes lose your temper in combat.
                  | [potion of mutation]
112398 | Zot:5    | Gained mutation: You are completely covered in iridescent
                  | scales. (AC +6) [potion of mutation]
112398 | Zot:5    | Gained mutation: Your system is resistant to poisons.
                  | (rPois) [potion of mutation]
112399 | Zot:5    | Lost mutation: You are dopey. (Int -2) [potion of mutation]
112399 | Zot:5    | Lost mutation: You are completely covered in iridescent
                  | scales. (AC +6) [potion of mutation]
112399 | Zot:5    | Gained mutation: Your flesh is heat resistant. (rF+)
                  | [potion of mutation]
112400 | Zot:5    | Lost mutation: You are occasionally teleported next to
                  | monsters. [potion of mutation]
112400 | Zot:5    | Lost mutation: You are mostly covered in iridescent scales.
                  | (AC +4) [potion of mutation]
112400 | Zot:5    | Lost mutation: Your magical capacity is low. (-10% MP)
                  | [potion of mutation]
113068 | Zot:5    | Noticed an orb of fire
113073 | Zot:5    | Killed an orb of fire
113341 | Zot:5    | Noticed an ancient lich
113351 | Zot:5    | Killed an ancient lich
113358 | Zot:5    | Reached XP level 27. HP: 183/183 MP: 9/44
113385 | Zot:5    | Noticed an orb of fire
113386 | Zot:5    | Noticed an orb of fire
113387 | Zot:5    | Gained mutation: You are occasionally teleported next to
                  | monsters. [an orb of fire]
113400 | Zot:5    | Lost mutation: Your system is resistant to poisons. (rPois)
                  | [potion of mutation]
113400 | Zot:5    | Lost mutation: You are occasionally teleported next to
                  | monsters. [potion of mutation]
113400 | Zot:5    | Lost mutation: Your flesh is heat resistant. (rF+) [potion
                  | of mutation]
113400 | Zot:5    | Gained mutation: You are agile. (Dex +4, Str/Int -1)
                  | [potion of mutation]
113400 | Zot:5    | Gained mutation: You are robust. (+10% HP) [potion of
                  | mutation]
113649 | Zot:5    | Gained mutation: You occasionally lose the ability to drink
                  | potions when taking damage. [an orb of fire]
113652 | Zot:5    | Gained mutation: Armour fits poorly on your strangely
                  | shaped body. [an orb of fire]
113654 | Zot:5    | Gained mutation: You are dopey. (Int -2) [an orb of fire]
113656 | Zot:5    | Killed an orb of fire
113901 | Zot:5    | Noticed a dread lich
113902 | Zot:5    | Reached skill level 22 in Fighting
113905 | Zot:5    | Noticed an orb of fire
113907 | Zot:5    | Killed a dread lich
113907 | Zot:5    | Gained mutation: You are occasionally teleported next to
                  | monsters. [an orb of fire]
113909 | Zot:5    | Gained mutation: You are vulnerable to cold. (rC-) [an orb
                  | of fire]
113910 | Zot:5    | Gained mutation: You are vulnerable to heat. (rF-) [an orb
                  | of fire]
113912 | Zot:5    | Killed an orb of fire
113913 | Zot:5    | Lost mutation: Armour fits poorly on your strangely shaped
                  | body. [potion of mutation]
113913 | Zot:5    | Lost mutation: You are dopey. (Int -2) [potion of mutation]
113913 | Zot:5    | Gained mutation: You are mostly covered in iridescent
                  | scales. (AC +4) [potion of mutation]
114006 | Zot:5    | Killed an orb of fire
114116 | Zot:5    | Gained mutation: Your magical capacity is low. (-10% MP)
                  | [an orb of fire]
114116 | Zot:5    | Gained mutation: You are very vulnerable to heat. (rF--)
                  | [an orb of fire]
114119 | Zot:5    | Killed an orb of fire
114746 | Zot:5    | Got the Orb of Zot
115261 | D:$      | Escaped with the Orb!

Illustrated notes

Levels and vault maps discovered:
D:1:      nzn_arrival_crosshair, layout_basic, serial_rivers,
          chequers_serial_rivers_small_a, chequers_serial_rivers_large_b,
          chequers_serial_rivers_micro_a, chequers_serial_rivers_micro_c,
          chequers_serial_rivers_micro_d
D:2:      layout_loops_ring, serial_forest, infiniplex_forest_pool,
          infiniplex_forest_clump_diagonal, infiniplex_forest_clump_curved,
          infiniplex_forest_clump_long, infiniplex_forest_clump_tiny,
          infiniplex_forest_clump_curved
D:3:      layout_loops_corners, lemuel_doored_altar, gammafunk_ghost_necromancy,
          serial_shops, shop, serial_bayou_crossing
D:4:      layout_rooms, general_overflow_altar,
          mainiacjoe_overflow_six_doors_small, nzn_hepliaklqana_mist_gate,
          serial_corexii_hall, corexii_hall_statues_l,
          chequers_hall_statues_corner_a
D:5:      layout_basic, mainiacjoe_overflow_surrounded_room, serial_shops, shop
D:6:      layout_cave_pools, cheibrodos_sewer_entry_bend, uniq_prince_ribbit1
D:7:      layout_cave_pools, mainiacjoe_overflow_paths,
          mainiacjoe_overflow_chevrons, minmay_temple_entry_mist, enter_bailey_2
D:8:      layout_rooms, kennysheep_mini_moat, grunt_temple_overflow_diamond,
          nicolae_ru_great_annihilating_truth, dpeg_oklobed_lair,
          ploomutoo_gammafunk_ghost_potion_laboratory, serial_shops, shop,
          minmay_shop_grid_forest, chequers_serial_rivers_micro_e,
          nicolae_lava_and_water, hangedman_abyss_or_decor_passed,
          serial_park_tiny_1, grunt_ministairs_8,
          hangedman_abyss_or_decor_clamps, minmay_small_thing
D:9:      minmay_separated_statues, layout_loops_ring,
          makhleb_altar_promises_db, serial_shops, nicolae_take_the_stairs,
          serial_library_hellmonk_recessed_alcove, uniq_joseph
D:10:     minmay_sliced_demisemicircle, layout_long_grid,
          mainiacjoe_overflow_alcove_2, orc_0_dummy, dreamdust_wishing_well,
          minmay_misc_feat_pillars, uniq_erica
D:11:     minmay_the_grid_square_5x5_5x5
          [minmay_the_grid_square_5x5_intrusive_squares,
          minmay_the_grid_square_5x5_shrine2, minmay_the_grid_square_5x5_tie,
          minmay_the_grid_square_5x5_tetrominoes,
          minmay_the_grid_square_5x5_meh,
          minmay_the_grid_square_5x5_inverted_slash,
          minmay_the_grid_square_5x5_prize_monsterx,
          minmay_the_grid_square_5x5_hollow_slash,
          minmay_the_grid_square_5x5_prize_rear_guard,
          minmay_the_grid_square_5x5_three_walls,
          minmay_the_grid_square_5x5_spiral_small,
          minmay_the_grid_square_5x5_eight_small,
          minmay_the_grid_square_5x5_prize_pseudospiral,
          minmay_the_grid_square_5x5_comb,
          minmay_the_grid_square_5x5_doubleslash,
          minmay_the_grid_square_5x5_moneybag,
          minmay_the_grid_square_5x5_prize_deathbox,
          minmay_the_grid_square_5x5_forky,
          minmay_the_grid_square_5x5_prize_gold,
          minmay_the_grid_square_5x5_spiral, minmay_the_grid_square_5x5_shrine1,
          minmay_the_grid_square_5x5_n, minmay_the_grid_square_5x5_six,
          minmay_the_grid_square_5x5_n_small,
          minmay_the_grid_square_5x5_shuriken], layout_cave_pods
D:12:     layout_layer_cave
D:13:     kennysheep_ambush_hall, layout_gridville,
          nicolae_elyvilon_peaceful_grove
D:14:     layout_long_grid, lightli_vaults_fourway_checkpoint,
          kennysheep_big_empty_room, nicolae_eternal_life
D:15:     grunt_enter_depths_giant_problem, layout_basic, st_stairs_8,
          corexii_corridor_pit, uniq_kirke, uniq_louise
Temple:   nicolae_temple_superstar
Lair:1:   layout_roguey, grunt_megastairs_3
Lair:2:   minmay_lair_venomous_thicket, layout_regular_city,
          minmay_shoals_entry_beasts, nicolae_snake_entry_warm_welcome
Lair:3:   layout_misc_corridors, kennysheep_abandoned_house
Lair:4:   layout_layer_cave, minmay_slime_entry_pillars, minivault_23,
          st_stairs_8, lemuel_fruit_tree
Lair:5:   cheibrodos_lair_end_hotspot, layout_misc_corridors,
          gauntlet_entry_generic, infiniplex_staircase_pool
Shoals:1: layout_shoals
Shoals:2: layout_shoals, nicolae_shoals_arrival_archipelago, uniq_mlioglotl
Shoals:3: nicolae_shoals_offshore_bank_account, layout_shoals, uniq_polyphemus
Shoals:4: shoals_end_simple, layout_shoals
Snake:1:  layout_cave_pods, serial_shops, shop, statue_in_the_mist_lemuel
Snake:2:  layout_onion_interference, serial_shops, nicolae_shop_trees,
          nicolae_shop_drivethru, shop, nicolae_shop_behind_doors,
          minmay_shoptagon, grunt_megastairs_5, uniq_aizul
Snake:3:  layout_cave_town, uniq_mara
Snake:4:  snake_pit, layout_cave_town, nicolae_shop_vocational, uniq_asterion,
          uniq_saint_roka, uniq_agnes
Slime:1:  layout_caves, cheibrodos_slime_lost_civilization_6
Slime:2:  cheibrodos_slime_lost_civilization_10, layout_caves
Slime:3:  layout_caves
Slime:4:  layout_caves
Slime:5:  slime_pit_nicolae_inversion
Orc:1:    layout_caves, portal_ice_cave_entry_pillars_1
Orc:2:    grunt_orc_cross, layout_diamond_mine
Elf:1:    minmay_elf_arrival_plus, layout_loops_cross,
          nicolae_elf_theology_debate, uniq_zenata, uniq_donald
Elf:2:    elven_hall_of_blades_hangedman_alternative
          [nicolae_blade_entry_crossed_weapons], layout_gridlike,
          elves_outpost_lemuel
Elf:3:    minmay_elf_hall_curves, layout_rooms,
          nicolae_elf_glass_and_crystal_pillar_1, uniq_roxanne
Vaults:1: nicolae_vaults_mitosis, nicolae_vaults_lightning_bolt,
          nicolae_vaults_turnstiles, grunt_vaults_trifunnel,
          vaults_dpeg_encased_lava, vaults_room_pool,
          nicolae_vaults_tetromino_Z_1, lemuel_angel_altar,
          nicolae_vaults_holding_cells, v_misc_25, vaults_room_ringed_pool,
          layout_vaults_omnibox
Vaults:2: gammafunk_ghost_smash, lightli_orcish_oven, v_misc_15,
          nicolae_vaults_spaceships, serial_ice_g, vaults_mumra_hexcomb,
          nicolae_vaults_little_squares_2, nicolae_vaults_sesquioval_fish,
          vaults_dpeg_ring, dpeg_vaults_monster_row, dpeg_vaults_monster_row,
          vaults_room_pool, vaults_dpeg_emergency_exit,
          layout_vaults_maze_snakey
Vaults:3: v_misc_19, nicolae_vaults_taking_the_gang_shopping, v_rooms_3,
          vaults_dpeg_cross, blue_anna_dwarven_crypt,
          nicolae_vaults_mini_display_case, nicolae_vaults_closet_pinwheel_3,
          nicolae_vaults_storage_closets_1, nicolae_vaults_house_2,
          vaults_standard_mumra_x, nicolae_vaults_tetromino_T_1,
          nicolae_vaults_two_Ls, layout_vaults_omnigrid, serial_shops,
          nicolae_shop_rolled_up, uniq_bai_suzhen
Vaults:4: nicolae_vaults_antechamber_and_loot_room,
          nicolae_vaults_border_crossing, nicolae_vaults_network_quinsquares
          [nicolae_vaults_network_quincunx_subvault,
          nicolae_vaults_network_quincunx_subvault,
          nicolae_vaults_network_quincunx_subvault,
          nicolae_vaults_network_quincunx_subvault],
          nicolae_vaults_closet_pinwheel_5, nicolae_vaults_tetromino_Z_2,
          v_misc_23, nicolae_vaults_rhombus_6, nicolae_vaults_network_s,
          v_misc_15, vaults_room_semicircle, nicolae_vaults_heist,
          ontoclasm_vaults_tryst, nicolae_vaults_closet_pinwheel_1,
          nicolae_vaults_theta, nicolae_vaults_double_plus_1, layout_vaults_ring
Depths:1: layout_cross, hex_tiny, nicolae_hell_entry_big_baal_hell,
          water_boxes_lemuel, minmay_shop_star, uniq_boris
Depths:2: nicolae_moon_pools, layout_cave_shapes, abyss_entry, led_sif_pool,
          special_room [special_room_mythical_zoo], pan_entry, grunt_metal_band,
          zin_treasury, infiniplex_staircase_spiral, uniq_sojobo
Depths:3: minmay_tri_box, layout_honeycomb, enter_ziggurat_e,
          nicolae_abyss_entry_one_way_or_another, serial_shops,
          nicolae_shop_stone, minmay_misc_feat_enclosed, hell_entry,
          kennysheep_nub
Depths:4: grunt_zot_entry_bicorn, layout_basic, hellmonk_ghost_big_iron,
          hell_entry, okawaru_trees_1
Zot:1:    layout_cellular_growth
Zot:2:    layout_cathedral_of_symmetry, basic_altar,
          regret_index_zotdec_bone_old
Zot:3:    layout_twisted_circle, hangedman_player_shredder, grunt_megastairs_4,
          uniq_parghit, uniq_josephina
Zot:4:    cheibrodos_frozen_isle, layout_basic, hellmonk_ghost_happy_afterlife,
          st_stairs_4, hangedman_zot_decor_unnerving_road
Zot:5:    layout_twisted_circle

Skill      XL: |  1  2  3  4  5  6  7  8  9 10 11 12 13 14 15 16 17 18 19 20 21 22 23 24 25 26 27 |
---------------+----------------------------------------------------------------------------------+-----
Fighting       | 1 2 4 7 9 12 15 16 18 19 21 22 | 22.8
Alchemy        | 1 2 3 4 5 |  5.0
Conjurations   | 6 7 8 10 11 12 13 14 15 17 | 17.0
Spellcasting   | 3 5 6 10 12 14 16 | 16.0
Translocations | 4 5 |  5.0
Dodging        | 4 6 7 9 12 17 19 20 21 | 21.0
Evocations     | 4 5 9 |  9.0
Stealth        | 4 |  4.0
Invocations    | 2 6 8 10 12 | 12.0
Air Magic      | 8 10 13 | 13.0
Shields        | 4 10 12 16 17 18 | 18.0
Fire Magic     | 3 10 13 15 18 20 21 | 21.0
Armour         | 3 6 |  6.0

Action                     |  1- 3 |  4- 6 |  7- 9 | 10-12 | 13-15 | 16-18 | 19-21 | 22-24 | 25-27 || total
---------------------------+-------+-------+-------+-------+-------+-------+-------+-------+-------++-------
  Melee: Whip              |    36 |       |     5 |       |       |       |       |       |       ||    41
         Kick              |    20 |     2 |     4 |     2 |    23 |     1 |    25 |    18 |    14 ||   109
         Peck              |    12 |       |     1 |       |    12 |       |    19 |    13 |     7 ||    64
         Dagger            |       |     8 |     1 |       |       |       |       |       |       ||     9
         Halberd           |       |       |     2 |     4 |       |       |       |       |       ||     6
         War axe           |       |       |       |     1 |    40 |     1 |       |       |       ||    42
         Staff             |       |       |       |       |       |     1 |    41 |    31 |    25 ||    98
   Fire: Orcbow            |       |       |       |       |     7 |       |       |       |       ||     7
  Throw: Dart              |       |     3 |     1 |     5 |    10 |       |       |     1 |       ||    20
         Throwing net      |       |       |       |       |       |       |       |       |     1 ||     1
   Cast: Magic Dart        |    67 |    54 |    24 |    14 |     2 |       |       |       |       ||   161
         Searing Ray       |     9 |    20 |    84 |    98 |    66 |       |       |       |       ||   277
         Fulminant Prism   |       |       |     9 |   133 |   314 |     1 |    20 |       |       ||   477
         Static Discharge  |       |       |       |     4 |    16 |       |       |       |       ||    20
         Iskenderun's Myst |       |       |       |     2 |    58 |     4 |       |       |       ||    64
         Lehudib's Crystal |       |       |       |       |     1 |       |       |       |       ||     1
         Airstrike         |       |       |       |       |     6 |       |    69 |     1 |       ||    76
         Plasma Beam       |       |       |       |       |   161 |   424 |   387 |   463 |   274 ||  1709
         Fireball          |       |       |       |       |     5 |    89 |    85 |    20 |    17 ||   216
         Starburst         |       |       |       |       |     3 |     3 |     2 |       |     3 ||    11
         Arcjolt           |       |       |       |       |       |    44 |     9 |    11 |     2 ||    66
         Orb of Destructio |       |       |       |       |       |       |     9 |    69 |   138 ||   216
         Ignition          |       |       |       |       |       |       |     9 |    34 |    15 ||    58
         Irradiate         |       |       |       |       |       |       |       |     8 |    22 ||    30
         Maxwell's Capacit |       |       |       |       |       |       |       |     1 |     1 ||     2
         Chain Lightning   |       |       |       |       |       |       |       |     1 |     1 ||     2
         Polar Vortex      |       |       |       |       |       |       |       |       |     1 ||     1
 Invoke: Divine Exegesis   |       |       |       |       |     1 |       |       |     2 |     3 ||     6
         Channel Magic     |       |       |       |       |     3 |    10 |     4 |     5 |    14 ||    36
  Evoke: Wand              |       |       |       |    10 |     8 |     4 |     5 |     7 |    25 ||    59
         Sack of spiders   |       |       |       |     2 |     2 |     1 |       |       |       ||     5
    Use: Scroll            |     2 |     4 |     6 |    15 |     7 |     5 |     4 |    10 |    12 ||    65
         Potion            |       |       |     2 |     2 |     9 |     4 |     1 |     5 |    11 ||    34
   Stab: Distracted        |       |       |       |       |     1 |       |       |       |     1 ||     2
 Armour: Robe              |     5 |     8 |    18 |    34 |   176 |   109 |   113 |   104 |   153 ||   720
         Acid dragon scale |       |       |       |    42 |    29 |       |       |       |       ||    71
         Leather armour    |       |       |       |       |    32 |       |       |       |       ||    32
  Dodge: Dodged            |    11 |    26 |   100 |   210 |   460 |   175 |   104 |   112 |   251 ||  1449
  Block: Buckler           |       |       |       |     6 |    74 |    56 |       |       |       ||   136
         Reflection        |       |       |       |       |       |    31 |    44 |    11 |     8 ||    94
         Kite shield       |       |       |       |       |       |   120 |   224 |   170 |   293 ||   807

Table legend: (Time is in decaauts)
 A = Elapsed time spent in this place.
 B = Non-inter-level travel time spent in this place.
 C = Inter-level travel time spent in this place.
 D = Time resting spent in this place.
 E = Time spent auto-exploring this place.
 F = Levels seen in this place.
 G = Mean time per level.
                   A        B        C        D        E       F      G
               +--------+--------+--------+--------+--------+-----+--------+
         Total | 115736 | 103306 |  12430 |  51826 |  29969 |  56 | 2066.7 |
       Dungeon |  30513 |  24601 |   5912 |   9977 |   7087 |  15 | 2034.2 |
        Temple |     18 |      4 |     14 |      0 |      0 |   1 |   18.0 |
          Lair |   8684 |   7198 |   1486 |   2587 |   2519 |   5 | 1736.8 |
        Shoals |   7780 |   7478 |    302 |   3696 |   2903 |   4 | 1945.0 |
     Snake Pit |  14090 |  12636 |   1454 |   7523 |   3289 |   4 | 3522.5 |
    Slime Pits |   3448 |   3289 |    159 |   1811 |    727 |   5 |  689.6 |
  Orcish Mines |   4457 |   3604 |    853 |   1554 |    766 |   2 | 2228.5 |
   Elven Halls |   7292 |   6737 |    555 |   3821 |   1784 |   3 | 2430.7 |
        Vaults |  11469 |  10951 |    518 |   5921 |   3677 |   4 | 2867.2 |
        Depths |  11663 |  10924 |    739 |   6253 |   3283 |   4 | 2915.8 |
           Zot |  13997 |  13563 |    434 |   7796 |   3739 |   5 | 2799.4 |
         Sewer |     42 |     42 |      0 |      4 |      0 |   1 |   42.0 |
        Bailey |   1430 |   1430 |      0 |    739 |      0 |   1 | 1430.0 |
      Ice Cave |     20 |     20 |      0 |      0 |      0 |   1 |   20.0 |
      Gauntlet |    827 |    827 |      0 |    144 |    195 |   1 |  827.0 |
               +--------+--------+--------+--------+--------+-----+--------+

Top non-repeatable levels by time:
    D:10: 5306 daAuts
 Snake:3: 4246 daAuts
Depths:2: 4245 daAuts
   Zot:3: 4044 daAuts
 Snake:2: 3729 daAuts
Vaults:3: 3674 daAuts
   Zot:5: 3669 daAuts
   Orc:2: 3404 daAuts
 Snake:4: 3270 daAuts
  Lair:2: 3100 daAuts
   Elf:3: 2949 daAuts
Vaults:2: 2925 daAuts
 Snake:1: 2843 daAuts
Depths:3: 2721 daAuts
Depths:4: 2661 daAuts
